 Dungeon Crawl Stone Soup version 0.26-a0-20-g5f92b90fa0 (webtiles) character file.

Game seed: 13888794534630091872, levelgen mode: deterministic

814 tilp the Bolt Thrower (level 8, -8/51 HPs)
             Began as a Kobold Arcane Marksman on May 25, 2020.
             Shot with an arrow by a centaur (10 damage)
             ... on level 5 of the Dungeon.
             The game lasted 00:10:18 (6032 turns).

tilp the Bolt Thrower (Kobold Arcane Marksman)      Turns: 6032, Time: 00:10:19

Health: -8/51      AC:  8    Str: 13 (15) XL:     8   Next: 15%
Magic:  9/9        EV:  9    Int: 13 (15) God:
Gold:   275        SH:  0    Dex: 14 (15) Spells: 6/9 levels left

rFire    . . .     SeeInvis .   a - +0 hand crossbow
rCold    . . .     Gourm    .   (shield restricted)
rNeg     . . .     Faith    .   t - +0 chain mail
rPois    .         Spirit   .   (no helmet)
rElec    .         Reflect  .   (no cloak)
rCorr    .         Harm     .   (no gloves)
MR       +....                  (no boots)
Stlth    ..........             (no amulet)
HPRegen  0.17/turn              f - +6 ring of strength
MPRegen  0.11/turn              x - ring of protection from magic

@: stab
A: small, carnivore
a: no special abilities


You were on level 5 of the Dungeon.
You were completely stuffed.

You visited 1 branch of the dungeon, and saw 6 of its levels.

You collected 275 gold pieces.

Inventory:

Hand Weapons
 a - a +0 hand crossbow (weapon)
 b - a +2 vorpal hand axe
 o - a +2 dagger of draining
 u - a +0 flail
Missiles
 d - 34 bolts (quivered)
 p - 3 atropa-tipped darts
 v - 9 poisoned darts
Armour
 m - a +0 ring mail
 t - a +0 chain mail (worn)
Jewellery
 f - a +6 ring of strength (left hand)
 x - a ring of protection from magic (right hand)
 y - the ring "Vaatod" {*Contam rC+ rN+ Slay+3, unknown}
   (You found it on level 4 of the Dungeon)

   [ring of positive energy]

   It affects your accuracy and damage with ranged weapons and melee attacks
   (+3).
   It protects you from cold.
   It protects you from negative energy.
   It causes magical contamination when unequipped.
Scrolls
 g - 3 scrolls of amnesia
 h - 2 scrolls of remove curse
 i - 3 scrolls of immolation
 l - a scroll of teleportation
 q - 2 scrolls of magic mapping
 r - a scroll of blinking {unknown}
 s - a scroll of fear {unknown}
 B - a scroll of enchant weapon {unknown}
Potions
 j - a potion of berserk rage
 w - a potion of magic {unknown}
 z - a potion of ambrosia {unknown}
 A - a potion of mutation {unknown}
Comestibles
 c - 6 rations
 C - 9 chunks of flesh


   Skills:
 + Level 5.9 Fighting
 - Level 6.0 Crossbows
 + Level 5.1 Dodging
 - Level 4.0 Stealth
 - Level 1.1 Spellcasting
 - Level 3.0 Hexes


You had 6 spell levels left.
You knew the following spells:

 Your Spells              Type           Power        Failure   Level  Hunger
a - Corona                Hex            #......      97%         1    ##.....
b - Slow                  Hex            #.......     99%         2    ###....

Your spell library contained the following spells:

 Spells                   Type           Power        Failure   Level  Hunger
 Inner Flame              Hex/Fire       #.......     100%        3    ####...
 Portal Projectile        Hex/Tloc       #.....       100%        3    ####...
 Cause Fear               Hex            #.........   100%        4    #####..
 Leda's Liquefaction      Hex/Erth       #.........   100%        4    #####..


Dungeon Overview and Level Annotations

Branches:
Dungeon (6/15)
 Temple: D:4-7

Altars:
Ashenzari
Dithmenos
Makhleb
Ru
Wu Jian

Annotations:
D:6 3 runed translucent doors, Error4North's ghost, novice HOFi; xight's ghost, novice DEFE


Innate Abilities, Weirdness & Mutations

You are small and have problems with some larger weapons.
You are carnivorous and can eat meat at any time.


Message History

You see here a hound skeleton.
As you read the scroll of teleportation, it crumbles to dust.
You feel strangely unstable. The hound closely misses you.
The hound barely misses you.
Unknown command.
The hound bites you but does no damage.
Items here: ))) รทรท a +0 whip; a cursed +0 halberd; a +0 spear; a gnoll skeleton x2
Items here: ))) [[[ Your surroundings suddenly seem different.
The centaur shoots an arrow.
The arrow hits you but does no damage.
You see here an arrow.
Unknown command.
The centaur shoots an arrow.
The arrow hits you but does no damage.
You see here an arrow.
The centaur shoots an arrow.
The arrow hits you.
* * * LOW HITPOINT WARNING * * *
You see here an arrow.
The centaur shoots an arrow.
The arrow hits you!
You die...

#.# .###............ #.##
......c....... #.#..
...#.##.###.# #
#.#.#####.........#.##.#
#.#...........#.#..(.#.#.##
#.#.#####.(.#......(.....h.
#.#.# ##(##.#.#....# #.#.#
#(.......#c## #.#.#
#@##.#####.# #######.#.#
#..##.# #.# ..........#
#.###.# #(# .####...### #.#
#.# #(# .# #...#
#.###.#####(# .# ##.##
#.#...h...... .# #.#
#.#.######..## .# #.#
##.#.######..# .#
#[#######............#


You could see a centaur.

Vanquished Creatures
  An ogre (D:3)
  A centaur (D:3)
  A bullfrog (D:4)
  A crimson imp (D:5)
  2 hounds (D:5)
  3 orc priests
  2 jellies
  A bullfrog skeleton (D:5)
  A centaur skeleton (D:4)
  5 orc wizards
  A worker ant (D:5)
  3 adders
  3 gnolls (D:5)
  2 oozes
  An adder zombie (D:5)
  A worm (D:3)
  A dart slug (D:1)
  A leopard gecko (D:3)
  11 orcs
  2 bats (D:1)
  4 giant cockroaches
  3 goblins
  7 hobgoblins
  2 quokkas (D:3)
  5 frilled lizards
  7 kobolds
  A leopard gecko skeleton (D:4)
  5 rats
78 creatures vanquished.

Vanquished Creatures (others)
  7 fungi (D:5)
  3 toadstools (D:5)
10 creatures vanquished.

Grand Total: 88 creatures vanquished

Notes
Turn   | Place    | Note
-------+----------+-------------------------------------------
     0 | D:1      | tilp the Kobold Arcane Marksman began the quest for the
                  | Orb.
     0 | D:1      | Reached XP level 1. HP: 12/12 MP: 2/2
   160 | D:1      | Reached XP level 2. HP: 2/18 MP: 3/3
   970 | D:1      | Reached XP level 3. HP: 21/23 MP: 4/4
  1321 | D:2      | Found a sacrificial altar of Ru.
  2101 | D:2      | Learned a level 2 spell: Slow
  2148 | D:3      | Noticed a centaur
  2203 | D:3      | Noticed an ogre
  2207 | D:3      | Reached XP level 4. HP: 29/29 MP: 5/5
  2316 | D:3      | Killed a centaur
  2316 | D:3      | Reached skill level 4 in Crossbows
  2316 | D:3      | Reached XP level 5. HP: 13/33 MP: 6/6
  2564 | D:2      | Reached skill level 5 in Crossbows
  2836 | D:3      | Reached XP level 6. HP: 38/38 MP: 7/7
  2907 | D:3      | Killed an ogre
  2907 | D:3      | Reached skill level 6 in Crossbows
  2907 | D:3      | Reached skill level 1 in Stealth
  3388 | D:3      | You fall into a shaft and drop 3 floors!
  3405 | D:6      | Found a runed translucent gate.
  3405 | D:6      | Found a runed translucent gate.
  3405 | D:6      | Found a runed translucent gate.
  3415 | D:6      | Noticed an orc warrior
  3422 | D:6      | Noticed xight's ghost (novice DEFE)
  3422 | D:6      | Noticed Error4North's ghost (novice HOFi)
  3430 | D:5      | Entered Level 5 of the Dungeon
  3868 | D:5      | Reached XP level 7. HP: 44/44 MP: 8/8
  4614 | D:5      | Reached skill level 5 in Fighting
  5227 | D:4      | Reached XP level 8. HP: 41/50 MP: 9/9
  5523 | D:4      | Got a pitted golden ring
  5543 | D:4      | Found an ornate altar of the Wu Jian Council.
  5686 | D:4      | Found a burning altar of Makhleb.
  5686 | D:4      | Found a shattered altar of Ashenzari.
  5694 | D:4      | Found a shadowy altar of Dithmenos.
  5934 | D:5      | Reached skill level 5 in Dodging
  6012 | D:5      | HP: 2/51 [centaur/arrow (13)]
  6031 | D:5      | HP: 2/51 [centaur/arrow (3)]
  6032 | D:5      | Shot with an arrow by a centaur

Illustrated notes

Levels and vault maps discovered:
D:1:      lemuel_arrival_hallway, layout_basic, serial_bayou_pond_a
D:2:      layout_loops_ring, hangedman_ru_absence
D:3:      layout_basic, first_ration
D:4:      layout_loops_ring, minitemple, chequers_serial_rivers_micro_a
D:5:      layout_loops_ring, minmay_temple_entry_fiery, minmay_gold_behind_fungi
D:6:      layout_basic, serial_shops, shop, gammafunk_ghost_cemetery

Skill      XL: |  1  2  3  4  5  6  7  8 |
---------------+-------------------------+-----
Fighting       | 2 3 4 5 |  5.9
Crossbows      | 4 5 6 |  6.0
Stealth        | 2 4 |  4.0
Dodging        | 3 4 5 |  5.1
Spellcasting   | |  1.1
Hexes          | |  3.0

Action                   |  1- 3 |  4- 6 |  7- 9 || total
-------------------------+-------+-------+-------++-------
Melee: Hand axe          |    64 |    50 |    85 ||   199
 Fire: Hand crossbow     |    12 |    26 |    35 ||    73
Throw: Dart              |     1 |     2 |       ||     3
 Cast: Corona            |     1 |       |       ||     1
  Use: Scroll            |     6 |       |     6 ||    12
       Potion            |       |     2 |     5 ||     7
  Eat: Chunk             |    10 |     7 |     7 ||    24
Armor: Robe              |     4 |       |       ||     4
       Ring mail         |    12 |     3 |       ||    15
       Chain mail        |       |    21 |    55 ||    76
Dodge: Dodged            |    63 |    31 |    48 ||   142

Table legend:
 A = Non-vault XP
 B = Vault XP
 C = Vault XP percentage of total XP
 D = Non-vault monster count
 E = Vault monster count
 F = Vault count percentage of total count
                 A         B        C        D         E       F
            +---------+---------+-------+---------+---------+-------
      Total |    1163 |       0 |   0.0 |      78 |       0 |   0.0
            +---------+---------+-------+---------+---------+-------
        D:1 |      38 |       0 |   0.0 |      21 |       0 |   0.0
        D:2 |      74 |       0 |   0.0 |      10 |       0 |   0.0
        D:3 |     329 |       0 |   0.0 |      19 |       0 |   0.0
        D:4 |     262 |       0 |   0.0 |      12 |       0 |   0.0
        D:5 |     458 |       0 |   0.0 |      15 |       0 |   0.0
        D:6 |       2 |       0 |   0.0 |       1 |       0 |   0.0
            +---------+---------+-------+---------+---------+-------
